 Dungeon Crawl Stone Soup version 0.32-a0-114-g70af1cc7 (webtiles) character file.

Game seed: 3418872251852876127

54298 jagoly the Marksdemigod (level 14, 0/115 HPs)
             Began as a Demigod Hunter on Feb 5, 2024.
             Slain by a centaur warrior (7 damage)
             ... on level 12 of the Dungeon on Feb 6, 2024.
             The game lasted 02:07:55 (22268 turns).

jagoly the Marksdemigod (Demigod Hunter)           Turns: 22268, Time: 02:07:56

Health: 0/115      AC: 16    Str: 12    XL:     14   Next: 1%
Magic:  1/20       EV: 19    Int: 15    God:
Gold:   922        SH:  0    Dex: 29    Spells: 11/17 levels left

rFire   . . .        a - +1 orcbow (heavy)
rCold   + . .        (shield currently unavailable)
rNeg    . . .        c - +3 leather armour {rC+}
rPois   .            (no helmet)
rElec   .            h - +0 cloak
rCorr   .            (no gloves)
SInv    .            k - +0 pair of boots
Will    +....        j - amulet of the acrobat
Stlth   ++++         C - +4 ring of protection
HPRegen 0.39/turn    J - +4 ring of protection
MPRegen 0.17/turn

%: acrobat
@: studying Ranged Weapons
A: high MP 1, forlorn, divine attributes
a: no special abilities


You were on level 12 of the Dungeon.
You visited 2 branches of the dungeon, and saw 17 of its levels.
You also visited: Bailey.

You collected 1206 gold pieces.
You spent 284 gold pieces at shops.

Inventory:

Hand Weapons
 a - a +1 heavy orcbow (weapon)
 b - a +1 short sword of venom
 e - the +9 flail "Xemadwug" {flame, +Blink rElec rCorr Int+2}
   (You found it on level 9 of the Dungeon)

   Int+2:     It affects your intelligence (+2).
   rElec:     It insulates you from electricity.
   +Blink:    It lets you blink.
   rCorr:     It protects you from acid and corrosion.
 w - a +2 short sword of electrocution
Missiles
 B - 23 poisoned darts
 F - 8 boomerangs
 X - 2 curare-tipped darts
Armour
 c - a +3 leather armour of cold resistance (worn)
 h - a +0 cloak (worn)
 k - a +0 pair of boots (worn)
 S - a +0 buckler
 T - +0 acid dragon scales
Jewellery
 j - an amulet of the acrobat (around neck)
 C - a +4 ring of protection (left hand)
 J - a +4 ring of protection (right hand)
 U - a ring of see invisible
 Z - a ring of flight
Wands
 t - a wand of iceblast (19)
 z - a wand of flame (18)
 A - a wand of charming (2)
 E - a wand of mindburst (8)
 G - a wand of digging (13)
 Q - a wand of acid (3)
 Y - a wand of polymorph (5)
Scrolls
 l - 2 scrolls of poison
 n - 3 scrolls of silence
 o - 5 scrolls of enchant armour
 s - 3 scrolls of vulnerability
 u - 4 scrolls of immolation
 v - 2 scrolls of butterflies
 y - a scroll of amnesia {unknown}
 D - 5 scrolls of enchant weapon
 H - a scroll of fear
 I - 2 scrolls of revelation {unknown}
 N - 2 scrolls of torment {unknown}
 O - 3 scrolls of fog
 W - a scroll of blinking {unknown}
Potions
 d - 3 potions of cancellation
 f - a potion of invisibility {unknown}
 g - 2 potions of haste
 i - 2 potions of lignification
 m - a potion of berserk rage {unknown}
 p - 2 potions of brilliance
 q - 3 potions of enlightenment
 r - 3 potions of mutation
 x - a potion of might {unknown}
 K - a potion of resistance {unknown}
 P - a potion of magic {unknown}
 R - a potion of curing
Miscellaneous
 L - a phial of floods
 M - a tin of tremorstones (1/2)


   Skills:
 - Level 8.0 Fighting
 - Level 16.0 Ranged Weapons
 - Level 2.0 Throwing
 - Level 4.0 Armour
 - Level 8.0 Dodging
 - Level 8.0 Stealth
 - Level 2.0 Spellcasting
 - Level 6.0 Translocations
 * Level 7.4 Alchemy
 - Level 4.0 Evocations


You had 11 spell levels left.
You knew the following spells:

 Your Spells              Type           Power      Damage    Failure   Level
B - Blink                 Tloc           38%        N/A       3%          2
R - Olgreb's Toxic Radia  Alch           23%        N/A       13%         4

Your spell library contained the following spells:

 Spells                   Type           Power      Damage    Failure   Level
 Lesser Beckoning         Tloc           38%        N/A       3%          2
 Sting                    Conj/Alch      48%        1d6       6%          1
 Mercury Vapours          Alch/Air       24%        N/A       10%         2
 Momentum Strike          Conj/Tloc      20%        3d8       12%         2
 Volatile Blastmotes      Fire/Tloc      20%        2d11      24%         3
 Mephitic Cloud           Conj/Alch/Air  8%         N/A       30%         3
 Sublimation of Blood     Necr           1%         N/A       38%         2
 Fulminant Prism          Conj/Alch      6%         3d6       52%         4
 Leda's Liquefaction      Alch/Erth      6%         N/A       52%         4
 Petrify                  Alch/Erth      12%        N/A       52%         4
 Dazzling Flash           Conj/Hex       2%         N/A       63%         3
 Inner Flame              Hex/Fire       1%         N/A       63%         3
 Iskenderun's Mystic Bla  Conj/Tloc      10%        2d4       63%         4
 Irradiate                Conj/Alch      6%         3d13      86%         5
 Curse of Agony           Necr           1%         N/A       100%        5
 Freezing Cloud           Conj/Ice/Air   0%         6-21      100%        5
 Lee's Rapid Deconstruct  Erth           0%         3d4*      100%        5
 Silence                  Hex/Air        0%         N/A       100%        5
 Bombard                  Conj/Erth      0%         9d1       100%        6
 Ignition                 Fire           0%         3d3       100%        8


Dungeon Overview and Level Annotations

Branches:
Dungeon (12/15) Zot: 25986  Temple (0/1) D:7            Lair (5/5) D:9 Zot: 23037
 Shoals (0/4) Lair:3       Spider (0/4) Lair:3        Slime (0/5) Lair:5
    Orc (0/2) D:12         Bailey (visited)

Shops:
D:6 :   D:7 :(   D:8 :   D:9 ?

Annotations:
D:10 Erolcha
Lair:1 1 runed translucent door, Rupert
Lair:5 1 runed translucent door


Innate Abilities, Weirdness & Mutations

You have an increased reservoir of magic. (+10% MP)
You shall have no god before yourself.
Your divine heritage dramatically boosts your attributes as you level up.


Message History

Orders for allies: a - Attack new target. r - Retreat! s - Stop attacking. g - Guard the area. f - Follow me.
Anything else - Cancel.
You shout for attention!
You see here a stone.
You see here a +0 leather armour.
There is an open door here.
There is an open door here.
A two-headed ogre is nearby!
Okay, then.
Search for what [Enter for "aux", or ? for help]? throw Unknown command.
Throw: 2 darts (curare)
Press: ? - help, Shift-Dir - straight line, f - two-headed ogre
Aim: a two-headed ogre, wielding a +0 giant spiked club and a +0 giant club (wandering, hasn't noticed you, 80% to hit)
You throw a curare-tipped dart.
The curare-tipped dart hits the two-headed ogre.
The two-headed ogre is poisoned.
The two-headed ogre struggles to breathe.
The two-headed ogre seems to slow down.
The two-headed ogre is lightly wounded.
There is an open door here.
There is an escape hatch in the floor here.
You shoot an arrow. The arrow hits the two-headed ogre!
The two-headed ogre is heavily wounded.
You shoot an arrow. The arrow hits the two-headed ogre!!
The two-headed ogre is severely wounded.
You shoot an arrow.
The arrow barely misses the two-headed ogre.
You shoot an arrow. The arrow hits the two-headed ogre!
You kill the two-headed ogre!
There is an open door here.
Things that are here:
a +0 giant spiked club; a +0 giant club; a two-headed ogre corpse
There is an open door, spattered with blood here.
X - 2 curare-tipped darts (gained 1) Done exploring.
There is a stone staircase leading down here.
You climb downwards.
There is a stone staircase leading up here.
Items here: )) [[.
Okay, then.
There is a stone staircase leading down, spattered with blood here.
You see here a +0 club.
A gnoll sergeant is nearby!
You shoot an arrow. The arrow hits the gnoll sergeant!
The gnoll sergeant is moderately wounded.
You shoot an arrow. The arrow hits the gnoll sergeant!
The gnoll sergeant is severely wounded.
You shoot an arrow. The arrow hits the gnoll sergeant!!!
You kill the gnoll sergeant!
You see here a +0 spear.
O - 3 scrolls of fog (gained 1)
Things that are here:
a +0 spear; a +0 ring mail; a gnoll corpse A brown ugly thing comes into view.
You shoot an arrow. The arrow hits the brown ugly thing!!
The brown ugly thing gurgles horribly!
The brown ugly thing is moderately wounded.
You shoot an arrow. The arrow hits the brown ugly thing.
The brown ugly thing is heavily wounded.
You shoot an arrow. The arrow hits the brown ugly thing!!
The brown ugly thing is almost dead.
You shoot an arrow. The arrow hits the brown ugly thing!
You kill the brown ugly thing!
You see here an ugly thing corpse.
Found a scroll of noise.
Found a stone staircase leading down.
o - 5 scrolls of enchant armour (gained 2)
Found an escape hatch in the floor.
Found a staircase to the Orcish Mines.
Found a broad axe.
A boulder beetle comes into view.
You shoot an arrow. The arrow hits the boulder beetle!!!
The boulder beetle is severely wounded.
Fire: a) +1 orcbow (heavy)
Press: ? - help, Q - select action, (/) - cycle Shift-Dir - straight line, f/p - boulder beetle
Aim: a boulder beetle (severely wounded, 92% to hit)
You shoot an arrow. Something hits you but does no damage.
Deactivating autopickup; reactivate with Ctrl-A.
The boulder beetle leaps!
You shoot an arrow. The arrow hits the boulder beetle!
The boulder beetle is severely wounded.
Something barely misses you.
The boulder beetle leaps! x2
Fire: a) +1 orcbow (heavy)
Press: ? - help, Q - select action, (/) - cycle Shift-Dir - straight line, f/p - boulder beetle
Aim: a boulder beetle (severely wounded, 92% to hit)
You shoot an arrow.
The arrow hits the boulder beetle but does no damage.
The boulder beetle is severely wounded.
Something misses you.
Fire: a) +1 orcbow (heavy)
Press: ? - help, Q - select action, (/) - cycle Shift-Dir - straight line, f/p - boulder beetle
Aim: a boulder beetle (severely wounded, 92% to hit)
You shoot an arrow. The arrow hits the boulder beetle!!
You kill the boulder beetle!
Something hits you.
You shoot an arrow. Something barely misses you.
You shoot an arrow. Something hits you but does no damage.
You shoot an arrow. Something hits you.
You shoot an arrow.
Reactivating autopickup.
You feel a bit more experienced.
You shoot an arrow.
HP restored.
V - 2 potions of heal wounds (gained 1)
A killer bee and a -4 hand axe come into view.
Found 4 stones.
Fire: a) +1 orcbow (heavy)
Press: ? - help, Q - select action, (/) - cycle Shift-Dir - straight line, f - -4 hand axe
Aim: a -4 hand axe (dormant, 98% to hit)
You shoot an arrow. The arrow hits the killer bee!
The killer bee is almost dead.
Fire: a) +1 orcbow (heavy)
Press: ? - help, Q - select action, (/) - cycle Shift-Dir - straight line, f/p - -4 hand axe
Aim: a -4 hand axe (wandering, hasn't noticed you, 51% to hit)
You shoot an arrow. The arrow hits the killer bee!!
You kill the killer bee!
Fire: a) +1 orcbow (heavy)
Press: ? - help, Q - select action, (/) - cycle Shift-Dir - straight line, f/p - -4 hand axe
Aim: a -4 hand axe (51% to hit)
You shoot an arrow.
The arrow barely misses the -4 hand axe.
Fire: a) +1 orcbow (heavy)
Press: ? - help, Q - select action, (/) - cycle Shift-Dir - straight line, f/p - -4 hand axe
Aim: a -4 hand axe (51% to hit)
You shoot an arrow. The arrow misses the -4 hand axe.
Fire: a) +1 orcbow (heavy)
Press: ? - help, Q - select action, (/) - cycle Shift-Dir - straight line, f/p - -4 hand axe
Aim: a -4 hand axe (51% to hit)
You shoot an arrow.
The arrow barely misses the -4 hand axe.
The -4 hand axe hits you. The -4 hand axe closely misses you.
Fire: a) +1 orcbow (heavy)
Press: ? - help, Q - select action, (/) - cycle Shift-Dir - straight line, f/p - -4 hand axe
Aim: a -4 hand axe (51% to hit)
You shoot an arrow. The arrow hits the -4 hand axe!!
The -4 hand axe falls from the air.
Your Alchemy skill increases to level 7!
You see here a -4 hand axe.
A naga sharpshooter comes into view. It is wielding a +0 war axe.
A naga sharpshooter is nearby!
You shoot an arrow.
The arrow hits the naga sharpshooter but does no damage.
The naga sharpshooter shouts!
You hear an angry buzzing noise. x2
The naga sharpshooter unwields a +0 war axe.
The naga sharpshooter wields a +0 shortbow.
The naga sharpshooter shoots an arrow.
The arrow hits you!
You shoot an arrow.
The arrow barely misses the naga sharpshooter.
The naga sharpshooter shoots an arrow.
The arrow hits you.
You hear a shout!
You shoot an arrow.
The arrow hits the naga sharpshooter but does no damage.
The naga sharpshooter shoots an arrow.
The arrow misses you.
You shoot an arrow. The arrow hits the naga sharpshooter.
The naga sharpshooter is lightly wounded.
A killer bee comes into view.
The naga sharpshooter shoots an arrow.
The arrow barely misses you.
A centaur warrior comes into view.
You hear an angry buzzing noise.
Found a sparkling altar of Nemelex Xobeh.
A rakshasa comes into view. It is wielding a +0 whip.
The centaur warrior wields a +0 shortbow.
The centaur warrior shoots an arrow.
The arrow barely misses you.
You hear an angry buzzing noise.
The centaur warrior shoots an arrow.
The arrow completely misses you.
You hear an angry buzzing noise.
The centaur warrior shoots an arrow.
The arrow completely misses you.
You see here a -4 hand axe.
You start resting.
The centaur warrior shoots an arrow.
The arrow hits you!
You hear an angry buzzing noise.
A killer bee and a queen bee come into view.
The centaur warrior shoots an arrow.
The arrow hits you!
The queen bee moves out of view.
You see here a -4 hand axe.
The centaur warrior unwields a +0 shortbow.
The centaur warrior misses you.
The centaur warrior kicks you but does no damage.
Fire: a) +1 orcbow (heavy)
Press: ? - help, Q - select action, (/) - cycle Shift-Dir - straight line, f - centaur warrior
Aim: a centaur warrior (78% to hit)
You shoot an arrow.
The arrow hits the centaur warrior but does no damage.
The killer bee closely misses you. The centaur warrior hits you.
The centaur warrior closely misses you. The killer bee misses you.
The centaur warrior hits you but does no damage.
The centaur warrior barely misses you. The killer bee barely misses you.
Fire: a) +1 orcbow (heavy)
Press: ? - help, Q - select action, (/) - cycle Shift-Dir - straight line, f - killer bee, p - centaur warrior
Aim: a killer bee (53% to hit)
You shoot an arrow. The arrow hits the killer bee!!
You kill the killer bee!
The centaur warrior completely misses you.
The centaur warrior kicks you. The centaur warrior hits you!
The centaur warrior kicks you but does no damage.
The centaur warrior completely misses you.
The centaur warrior barely misses you.
Fire: a) +1 orcbow (heavy)
Press: ? - help, Q - select action, (/) - cycle Shift-Dir - straight line, f - queen bee
Aim: a queen bee (73% to hit)
You shoot an arrow. The arrow hits the centaur warrior!!
The centaur warrior is heavily wounded.
You hear an angry buzzing noise.
You hear a shout!
The centaur warrior closely misses you. The centaur warrior barely misses you.
The centaur warrior completely misses you.
The centaur warrior kicks you but does no damage.
Fire: a) +1 orcbow (heavy)
Press: ? - help, Q - select action, (/) - cycle Shift-Dir - straight line, f/p - queen bee
Aim: a queen bee (73% to hit)
You shoot an arrow.
The arrow closely misses the centaur warrior.
The arrow hits the queen bee but does no damage.
The centaur warrior hits you but does no damage.
The centaur warrior kicks you but does no damage.
The centaur warrior closely misses you. The centaur warrior kicks you.
A centaur warrior comes into view.
Fire: a) +1 orcbow (heavy)
Press: ? - help, Q - select action, (/) - cycle Shift-Dir - straight line, f/p - queen bee
Aim: a queen bee (73% to hit)
You shoot an arrow. The arrow closely misses the queen bee.
The centaur warrior hits you but does no damage.
The centaur warrior kicks you but does no damage.
The queen bee closely misses you.
Fire: a) +1 orcbow (heavy)
Press: ? - help, Q - select action, (/) - cycle Shift-Dir - straight line, f/p - queen bee
Aim: a queen bee (73% to hit)
You shoot an arrow. The arrow hits the queen bee!!!
You kill the queen bee!
The centaur warrior hits you.
* * * LOW HITPOINT WARNING * * *
The centaur warrior kicks you but does no damage.
The centaur warrior hits you but does no damage.
The centaur warrior kicks you but does no damage.
Okay, then.
Fire: a) +1 orcbow (heavy)
Press: ? - help, Q - select action, (/) - cycle Shift-Dir - straight line, f - killer bee
Aim: a killer bee (53% to hit)
You shoot an arrow. The arrow misses the killer bee.
The killer bee barely misses you. The centaur warrior hits you.
* * * LOW HITPOINT WARNING * * *
The centaur warrior kicks you but does no damage.
The killer bee completely misses you.
The centaur warrior hits you but does no damage.
The centaur warrior kicks you.
* * * LOW HITPOINT WARNING * * *
The killer bee misses you.
Fire: a) +1 orcbow (heavy)
Press: ? - help, Q - select action, (/) - cycle Shift-Dir - straight line, p - killer bee You shoot an arrow.
The arrow barely misses the killer bee.
The arrow barely misses the centaur warrior.
The centaur warrior hits you but does no damage.
The centaur warrior kicks you but does no damage.
The centaur warrior closely misses you. The centaur warrior barely misses you.
Okay, then.
Read: 2 scrolls of fear
Press: ? - help, Dir - look around, f - activate Look: a naga sharpshooter, wielding a +0 shortbow and wearing a +0 robe (chance to affect: 64%)
As you read the scroll of fear, it crumbles to dust.
You assume a fearsome visage.
The naga sharpshooter resists with almost no effort.
The centaur warrior looks frightened!
The centaur warrior looks frightened!
The killer bee looks frightened!
Press: ? - help, v - describe, . - travel
Here: a naga sharpshooter, wielding a +0 shortbow and wearing a +0 robe The floor.
There are monsters nearby!
You are studying Ranged Weapons.
Your movement speed is average.
Your attack delay is about 1.0 (and cannot be improved with additional weapon skill).
Your damage rating with your +1 heavy orcbow is about 42 (Base [11 + 8 (Hvy)] x 147% (Dex) x 149% (Skill) + 1 (Ench)).
Unknown command.
Unknown command.
Press: ? - help, v - describe, . - travel
Here: a naga sharpshooter, wielding a +0 shortbow and wearing a +0 robe The floor.
Unknown command.
Aiming: Corrosive Bolt
Press: ? - help, Shift-Dir - straight line, f/p - naga sharpshooter
Aim: a naga sharpshooter, wielding a +0 shortbow and wearing a +0 robe (74% to hit)
Okay, then.
Aiming: Corrosive Bolt
Press: ? - help, Shift-Dir - straight line, f/p - naga sharpshooter
Aim: a naga sharpshooter, wielding a +0 shortbow and wearing a +0 robe (74% to hit)
The bolt of acid hits the naga sharpshooter!
The acid corrodes the naga sharpshooter!
The naga sharpshooter is lightly wounded.
You hear an angry buzzing noise.
A killer bee comes into view.
The naga sharpshooter shoots an arrow.
The arrow hits you but does no damage.
The centaur warrior begs, "Please don't kill me!"
The centaur warrior gives up.
Okay, then.
The naga sharpshooter unwields a +0 shortbow.
The naga sharpshooter wields a +0 war axe.
The naga sharpshooter completely misses you. x2
The centaur warrior looks scared stiff.
Press: ? - help, v - describe, . - travel
Here: a naga sharpshooter, wielding a +0 war axe and wearing a +0 robe (lightly wounded, covered in acid)
The floor.
Fire: a) +1 orcbow (heavy)
Press: ? - help, Q - select action, (/) - cycle Shift-Dir - straight line, f/p - naga sharpshooter
Aim: a naga sharpshooter, wielding a +0 war axe and wearing a +0 robe (lightly wounded, covered in acid, 73% to hit)
You shoot an arrow.
The arrow closely misses the naga sharpshooter.
A killer bee comes into view.
The naga sharpshooter unwields a +0 war axe.
The naga sharpshooter wields a +0 shortbow.
The naga sharpshooter gestures wildly while chanting.
The naga sharpshooter magically shoots an arrow.
The arrow hits you but does no damage.
A -4 hand axe of venom comes into view.
Fire: a) +1 orcbow (heavy)
Press: ? - help, Q - select action, (/) - cycle Shift-Dir - straight line, f - killer bee, p - naga sharpshooter
Aim: a killer bee (53% to hit)
You shoot an arrow. The killer bee buzzes angrily.
The arrow hits the naga sharpshooter!
The naga sharpshooter is moderately wounded.
The naga sharpshooter spits poison at you.
The splash of poison hits you!!
You are poisoned.
* * * LOW HITPOINT WARNING * * *
You feel better.
A centaur warrior comes into view.
The naga sharpshooter shoots an arrow.
The arrow closely misses you.
The centaur warrior shouts!
Cast which spell? (? or * to list)
Okay, then.
Cast which spell? (? or * to list)
You miscast Olgreb's Toxic Radiance.
You are very lightly contaminated with residual magic.
Nothing appears to happen.
The killer bee stings you but does no damage.
The naga sharpshooter shoots an arrow.
The arrow hits you but does no damage. The killer bee completely misses you.
Unknown command.
Cast which spell? (? or * to list)
You begin to radiate toxic energy.
The killer bee is poisoned. x2
The killer bee looks even sicker.
The killer bee closely misses you.
The naga sharpshooter shoots an arrow.
The arrow hits you.
* * * LOW HITPOINT WARNING * * *
The killer bee completely misses you.
You feel much better.
The centaur warrior is poisoned.
Your attack snaps the killer bee out of its fear.
The killer bee is poisoned.
Your toxic aura wanes.
The killer bee completely misses you.
The naga sharpshooter shoots an arrow.
The arrow hits you!
* * * LOW HITPOINT WARNING * * *
Cast which spell? (? or * to list)
You begin to radiate toxic energy.
The centaur warrior is poisoned.
The killer bee looks even sicker. x3; The centaur warrior looks even sicker. x2
You kill the killer bee! x2
The naga sharpshooter casts a spell.
The naga sharpshooter magically shoots an arrow.
The arrow hits you but does no damage.
You have reached level 14!
Fire: a) +1 orcbow (heavy)
Press: ? - help, Q - select action, (/) - cycle Shift-Dir - straight line, f - centaur warrior
Aim: a centaur warrior (lightly wounded, very poisoned, 78% to hit)
You shoot an arrow.
The arrow closely misses the naga sharpshooter.
The arrow hits the centaur warrior!
The centaur warrior is moderately wounded.
The centaur warrior looks even sicker. x2
The naga sharpshooter is no longer covered in acid.
You kill the killer bee!
The naga sharpshooter shoots an arrow.
The arrow hits you.
* * * LOW HITPOINT WARNING * * *
Fire: a) +1 orcbow (heavy)
Press: ? - help, Q - select action, (/) - cycle Shift-Dir - straight line, f - -4 hand axe of venom, p - centaur warrior
Aim: a -4 hand axe of venom (51% to hit)
You shoot an arrow.
The arrow closely misses the naga sharpshooter.
The arrow closely misses the -4 hand axe of venom.
Your toxic aura wanes.
The naga sharpshooter mumbles some strange words.
The naga sharpshooter magically shoots an arrow.
The arrow misses you.
Fire: a) +1 orcbow (heavy)
Press: ? - help, Q - select action, (/) - cycle Shift-Dir - straight line, f/p - -4 hand axe of venom
Aim: a -4 hand axe of venom (51% to hit)
You shoot an arrow. The arrow hits the naga sharpshooter!!
The naga sharpshooter is heavily wounded.
The naga sharpshooter casts a spell.
The naga sharpshooter magically shoots an arrow.
The arrow hits you.
* * * LOW HITPOINT WARNING * * *
Cast which spell? (? or * to list)
You begin to radiate toxic energy.
The centaur warrior looks as sick as possible! x2
The naga sharpshooter spits poison at you.
The splash of poison misses you.
Aiming: Corrosive Bolt
Press: ? - help, Shift-Dir - straight line, f - centaur warrior
Aim: a centaur warrior (moderately wounded, 81% to hit)
The bolt of acid hits the centaur warrior!
The acid corrodes the centaur warrior!
The centaur warrior is heavily wounded.
The centaur warrior is poisoned.
The centaur warrior wields a +0 shortbow.
The centaur warrior shoots an arrow.
The arrow hits you!
* * * LOW HITPOINT WARNING * * *
The naga sharpshooter shoots an arrow.
The arrow hits you.
* * * LOW HITPOINT WARNING * * *
The centaur warrior shoots an arrow.
The arrow barely misses you.
Your magical contamination has completely faded away.
Okay, then.
Unknown command.
Press: ? - help, v - describe, . - travel
Here: a naga sharpshooter, wielding a +0 shortbow and wearing a +0 robe (heavily wounded, catching its breath)
The floor, spattered with blood.
Unknown command.
Press: ? - help, v - describe, . - travel
Here: a centaur warrior, wielding a +0 shortbow (heavily wounded, poisoned, covered in acid)
The floor.
Unknown command.
Press: ? - help, v - describe, . - travel
Here: a centaur warrior, wielding a +0 shortbow (heavily wounded, poisoned, covered in acid)
The floor.
Unknown command.
You feel much better.
The centaur warrior looks as sick as possible!
Your toxic aura wanes.
The naga sharpshooter shoots an arrow.
The arrow completely misses you.
Fire: a) +1 orcbow (heavy)
Press: ? - help, Q - select action, (/) - cycle Shift-Dir - straight line, f/p - centaur warrior
Aim: a centaur warrior, wielding a +0 shortbow (severely wounded, poisoned, covered in acid, 78% to hit)
You shoot an arrow. The arrow hits the centaur warrior.
The centaur warrior is severely wounded.
The centaur warrior shoots an arrow.
The arrow hits you!
* * * LOW HITPOINT WARNING * * *
The naga sharpshooter mumbles some strange words.
The naga sharpshooter magically shoots an arrow.
The arrow hits you but does no damage.
The naga sharpshooter gestures wildly while chanting.
Okay, then.
Unknown command.
Press: ? - help, v - describe, . - travel
Here: a centaur warrior, wielding a +0 shortbow (severely wounded, poisoned, covered in acid)
The floor.
Press: ? - help, v - describe, . - travel
Here: a naga sharpshooter, wielding a +0 shortbow and wearing a +0 robe (heavily wounded)
The floor, spattered with blood.
Unknown command.
You feel better.
The centaur warrior unwields a +0 shortbow.
The centaur warrior hits you!
* * * LOW HITPOINT WARNING * * *
The centaur warrior barely misses you.
The naga sharpshooter shoots an arrow.
The arrow misses you.
The tremorstone explodes into fragments!
The burst of rock shards engulfs the -4 hand axe of venom! x2
The -4 hand axe of venom falls from the air.
The burst of rock shards engulfs the naga sharpshooter but does no damage.
The burst of rock shards engulfs the centaur warrior!
You hear a shout! x2
The centaur warrior hits you.
* * * LOW HITPOINT WARNING * * *
The centaur warrior closely misses you. x2
The centaur warrior kicks you but does no damage.
The naga sharpshooter gestures wildly while chanting.
The naga sharpshooter magically shoots an arrow.
The arrow hits you!
* * * LOW HITPOINT WARNING * * *
Unknown command.
You feel better.
The centaur warrior hits you but does no damage.
The centaur warrior kicks you but does no damage.
The naga sharpshooter casts a spell.
The naga sharpshooter magically shoots an arrow.
The arrow hits you.
* * * LOW HITPOINT WARNING * * *
Cast which spell? (? or * to list)
You begin to radiate toxic energy.
The centaur warrior looks even sicker.
The centaur warrior looks as sick as possible!
* * * LOW MAGIC WARNING * * *
The centaur warrior looks even sicker.
The centaur warrior hits you.
* * * LOW HITPOINT WARNING * * *
The centaur warrior closely misses you. The centaur warrior hits you.
* * * LOW HITPOINT WARNING * * *
The centaur warrior kicks you but does no damage.
The centaur warrior hits you.
* * * LOW HITPOINT WARNING * * *
The centaur warrior barely misses you.
The naga sharpshooter spits poison at you.
The splash of poison hits you.
You are lethally poisoned!
* * * LOW HITPOINT WARNING * * *
Unknown command.
You feel better.
The centaur warrior looks as sick as possible!
Your toxic aura wanes.
The centaur warrior misses you.
The centaur warrior kicks you but does no damage.
The centaur warrior hits you!
You die...

....##
##..#####....##.>.###
..### #..##
###......##### .## #.##
###......... ##
#############.........
##..♣..................
#....................##
#..ß.♣♣)♣♣♣♣♣......###
#♣....c♣....♣♣♣♣♣..#
#..♣.†@♣.y.♣.♣ ♣♣##
#..♣.c♣N)....♣
♣..♣♣.c.....♣
#..♣....(..♣♣.....
#..♣......♣..♣.... #.
♣.♣...♣...♣ ... #
♣♣....♣......
♣♣♣♣♣:♣♣.♣.. .......⌠


You could see a naga sharpshooter (catching breath) and 3 centaur warriors.

Vanquished Creatures
  Josephine (Lair:5)
  An ice dragon (Lair:5)
  A hydra (Lair:3)
  A catoblepas (Lair:5)
  3 boulder beetles
  2 two-headed ogres (D:11)
  2 dancing weapons (D:12)
  6 death yaks
  A hell hog (Lair:5)
  A skyshark (Lair:3)
  A fire crab (D:9)
  A wolf spider (Lair:3)
  A lindwurm (Lair:5)
  An oklob plant (Lair:2)
  3 ugly things
  A cyclops (Lair:3)
  Maurice (D:7)
  9 elephants
  A meliai (D:12)
  5 black mambas
  A gargoyle (D:8)
  6 torpor snails
  Maggie (D:7)
  7 cane toads
  3 rime drakes
  An unseen horror (D:12)
  Psyche (D:10)
  9 komodo dragons
  4 trolls
  A queen bee (D:12)
  10 polar bears
  4 tyrant leeches (Lair:5)
  8 hornets
  2 raiju (Lair:5)
  4 blink frogs
  A jumping spider (Lair:3)
  6 wraiths
  2 vampires
  37 yaks
  3 basilisks
  3 wyverns
  A human (Lair:1)
  4 wargs (Lair:5)
  A steam dragon (D:7)
  An acid dragon (D:11)
  19 water moccasins
  15 hell hounds (Lair:5)
  4 orc warriors
  An ice beast (D:7)
  A sky beast (D:5)
  13 black bears
  An ogre (D:6)
  19 wolves
  2 centaurs
  2 phantoms (D:5)
  3 kobold brigands
  10 bullfrogs
  4 gnoll sergeants
  3 scorpions
  4 wights (D:9)
  30 killer bees
  2 bombardier beetles
  2 jellies
  6 orc priests
  3 hounds
  Jessica (D:3)
  9 orc wizards
  An iguana (D:5)
  11 gnolls
  9 adders
  A white imp (D:6)
  6 ufetubi
  4 ribbon worms
  3 dart slugs
  25 orcs
  8 ball pythons
  8 endoplasms
  6 giant cockroaches
  7 goblins
  3 hobgoblins
  A jackal (D:1)
  15 kobolds
  3 quokkas (D:4)
  4 bats
  8 frilled lizards
  6 rats
447 creatures vanquished.

Vanquished Creatures (collateral kills)
  A meliai (D:12)
  2 hornets (D:7)
  A centaur (D:7)
  3 bullfrogs
  An orc priest (D:6)
8 creatures vanquished.

Vanquished Creatures (others)
  Jeremiah (D:7)
1 creature vanquished.

Grand Total: 456 creatures vanquished

Notes
Turn   | Place    | Note
-------+----------+-------------------------------------------
     0 | D:1      | jagoly the Demigod Hunter began the quest for the Orb.
     0 | D:1      | Reached XP level 1. HP: 17/17 MP: 3/3
    48 | D:1      | Reached skill level 1 in Stealth
   112 | D:1      | Reached XP level 2. HP: 24/24 MP: 4/4
   337 | D:1      | Reached skill level 4 in Ranged Weapons
   590 | D:2      | Reached XP level 3. HP: 29/29 MP: 5/5
  1373 | D:3      | Reached XP level 4. HP: 24/36 MP: 6/6
  1454 | D:3      | Reached skill level 5 in Ranged Weapons
  1645 | D:3      | Noticed Jessica
  1667 | D:3      | Killed Jessica
  1668 | D:3      | Reached XP level 5. HP: 41/41 MP: 7/7
  2457 | D:4      | Reached skill level 6 in Ranged Weapons
  2926 | D:5      | Entered Level 5 of the Dungeon
  2928 | D:5      | HP: 1/41 [orc/+2 dagger of flaming (3)]
  2938 | D:5      | Reached XP level 6. HP: 15/48 MP: 8/8
  3182 | D:5      | Reached skill level 7 in Ranged Weapons
  3435 | D:5      | Reached XP level 7. HP: 52/55 MP: 9/9
  3647 | D:5      | Reached skill level 8 in Ranged Weapons
  4722 | D:6      | Reached skill level 9 in Ranged Weapons
  5365 | D:6      | Reached XP level 8. HP: 16/61 MP: 10/10
  5943 | D:6      | Learned a level 2 spell: Blink
  6257 | D:6      | Found Taate's Book Shoppe.
  6373 | D:6      | Reached skill level 10 in Ranged Weapons
  6479 | D:7      | Found Duqehah's Antique Weapon Emporium.
  6493 | D:7      | Noticed a hornet
  6494 | D:7      | Reached skill level 1 in Translocations
  6618 | D:7      | Noticed Maggie
  6690 | D:7      | Noticed Jeremiah
  6697 | D:7      | Killed a hornet
  6713 | D:7      | Your ally Jeremiah died
  6719 | D:7      | Noticed a hornet
  6720 | D:7      | Paralysed by a hornet for 3 turns
  6727 | D:7      | HP: 3/63 [poisoned by a hornet]
  6730 | D:7      | HP: 1/63 [poisoned by a hornet]
  7037 | D:7      | Found a flagged portal.
  7050 | Bailey   | Entered a bailey
  7084 | D:7      | Killed a hornet
  7085 | D:7      | Reached XP level 9. HP: 29/69 MP: 11/11
  7361 | D:7      | Found Qudeti's Tremendous Tomes.
  7505 | D:8      | Reached skill level 11 in Ranged Weapons
  7635 | D:8      | Noticed a gargoyle
  7868 | D:8      | Found Fog Teuf's Self-Published Books.
  8655 | D:8      | Reached skill level 1 in Throwing
  8655 | D:8      | Reached skill level 1 in Evocations
  8848 | D:9      | Found Dotaemoc's Magic Scroll Emporium.
  9102 | D:9      | Bought a scroll of teleportation for 36 gold pieces
  9102 | D:9      | Bought a scroll of noise for 12 gold pieces
  9102 | D:9      | Bought a scroll of fog for 48 gold pieces
  9180 | D:9      | Identified the +9 flail "Xemadwug" {flame, +Blink rElec
                  | rCorr Int+2}
  9231 | D:9      | Noticed a fire crab
  9714 | D:8      | Killed a gargoyle
  9715 | D:8      | Reached XP level 10. HP: 33/78 MP: 13/13
 10014 | D:8      | Reached skill level 12 in Ranged Weapons
 10424 | D:9      | Found a staircase to the Lair.
 10522 | D:9      | Killed a fire crab
 10825 | D:9      | Reached skill level 13 in Ranged Weapons
 11013 | D:10     | Entered Level 10 of the Dungeon
 11073 | D:10     | Noticed Erolcha
 11297 | D:10     | Noticed Psyche
 12084 | D:10     | Killed Psyche
 12215 | D:11     | Noticed a two-headed ogre
 12227 | D:11     | Killed a two-headed ogre
 12228 | D:11     | Reached skill level 14 in Ranged Weapons
 12228 | D:11     | Reached skill level 1 in Armour
 12228 | D:11     | Reached XP level 11. HP: 72/84 MP: 14/14
 12415 | D:11     | Noticed a boulder beetle
 12422 | D:11     | Noticed a two-headed ogre
 13475 | D:7      | Killed Maggie
 13480 | D:7      | Noticed Maurice
 13540 | D:7      | Maurice stole a +2 short sword of electrocution
 13544 | D:7      | Maurice stole a +0 buckler
 13545 | D:7      | Maurice stole 452 gold
 13735 | D:7      | Killed Maurice
 13997 | D:7      | Found a staircase to the Ecumenical Temple.
 14162 | D:7      | Bought a glowing orcbow for 188 gold pieces
 14383 | Lair:1   | Entered Level 1 of the Lair of Beasts
 14766 | Lair:1   | Found a runed translucent door.
 14837 | Lair:1   | Noticed Rupert
 15168 | Lair:1   | Reached skill level 5 in Stealth
 15185 | Lair:1   | You fall into a shaft and drop 1 floor!
 15678 | Lair:2   | Reached skill level 5 in Fighting
 15678 | Lair:2   | Reached skill level 5 in Dodging
 16057 | Lair:2   | Reached skill level 15 in Ranged Weapons
 16498 | Lair:3   | Found a staircase to the Shoals.
 16545 | Lair:3   | Noticed a skyshark
 16843 | Lair:3   | Reached XP level 12. HP: 93/94 MP: 15/15
 16883 | Lair:3   | Noticed a seven-headed hydra
 17011 | Lair:3   | Found a hole to the Spider Nest.
 17332 | Lair:3   | Killed a seven-headed hydra
 17653 | Lair:4   | Reached skill level 5 in Translocations
 18195 | Lair:5   | Entered Level 5 of the Lair of Beasts
 18308 | Lair:5   | Paralysed by a hornet for 3 turns
 18626 | Lair:5   | Reached skill level 16 in Ranged Weapons
 18669 | Lair:5   | Noticed a catoblepas
 18676 | Lair:5   | Killed a catoblepas
 18753 | Lair:5   | Noticed Josephine
 18863 | Lair:5   | Reached XP level 13. HP: 105/105 MP: 16/16
 19013 | Lair:5   | Killed Josephine
 19821 | Lair:5   | Found a runed translucent door.
 19821 | Lair:5   | Noticed an acid blob
 19823 | Lair:5   | Noticed an acid blob
 19824 | Lair:5   | Found a staircase to the Slime Pits.
 20045 | Lair:5   | Reached skill level 1 in Spellcasting
 20070 | Lair:5   | Reached skill level 1 in Alchemy
 20883 | Lair:5   | Identified a scroll of acquirement
 20884 | Lair:5   | Acquired a manual of Ranged Weapons
 20958 | Lair:5   | Reached skill level 5 in Alchemy
 21378 | D:11     | Learned a level 4 spell: Olgreb's Toxic Radiance
 22102 | D:12     | Found a staircase to the Orcish Mines.
 22257 | D:12     | Reached XP level 14. HP: 40/115 MP: 7/20
 22267 | D:12     | HP: 5/115 [centaur warrior (4)]
 22267 | D:12     | HP: 1/115 [naga sharpshooter/splash of poison (4)]
 22268 | D:12     | Slain by a centaur warrior

Illustrated notes

Levels and vault maps discovered:
D:1:      minmay_arrival_semitransparent, layout_rooms, minmay_nonomino_d4
D:2:      minmay_evil_eye, layout_rooms, minmay_circle_x
D:3:      layout_rooms, nicolae_qazlal_scattered_showers,
          nicolae_overflow_macrodata_refinement,
          shapermc_ecumenical_altar_pompeii, minmay_distorted, uniq_jessica
D:4:      layout_basic
D:5:      layout_loops_ring, kennysheep_orc_sif_temple, roderic_lattice_a
D:6:      layout_loops_cross, serial_rivers, chequers_serial_rivers_micro_e,
          chequers_serial_rivers_room_a, chequers_serial_rivers_micro_c,
          chequers_serial_rivers_micro_e, serial_shops,
          nicolae_book_shop_shelving, eino_curves_03,
          nicolae_houndstooth_variations
D:7:      layout_basic, mainiacjoe_overflow_six_doors_small, temple_green,
          enter_bailey_2, serial_shops, shop, nicolae_shop_i_like_big_books,
          uniq_maggie, uniq_maurice, uniq_jeremiah
D:8:      layout_basic, mainiacjoe_overflow_24_doors, fiery_altar_vehumet,
          nicolae_custom_books, nrook_campfire, minmay_checkerbox
D:9:      layout_rooms, nicolae_ru_sacrificial_ziggurat, minmay_lair_entry_lava,
          serial_shops, shop
D:10:     layout_rooms, uniq_psyche, uniq_erolcha
D:11:     layout_roguey, minmay_fractal_squares_5
D:12:     regret_index_nemelex_summoning_deck_glade, layout_cave_pods,
          orc_0_dummy, minmay_crystal_water
Lair:1:   layout_regular_city, pdpol_lair_cabin_in_the_woods
Lair:2:   layout_loops_ring
Lair:3:   layout_misc_corridors, mainiacjoe_shoals_entry_four_pools,
          spider_nest_entry_rubble
Lair:4:   layout_gridlike, grunt_megastairs_5
Lair:5:   wormcave, layout_hall_layers, hangedman_lair_caniforms_friends,
          slime_entry_2, uniq_josephine

Skill      XL: |  1  2  3  4  5  6  7  8  9 10 11 12 13 |
---------------+----------------------------------------+-----
Stealth        | 1 2 3 4 5 7 8 |  8.0
Dodging        | 2 3 4 5 7 8 |  8.0
Fighting       | 2 3 4 5 7 8 |  8.0
Ranged Weapons | 4 5 6 7 9 10 11 14 15 16 | 16.0
Translocations | 3 4 5 6 |  6.0
Throwing       | 2 |  2.0
Evocations     | 2 4 |  4.0
Armour         | 1 4 |  4.0
Spellcasting   | 2 |  2.0
Alchemy        | 7 |  7.4

Action                     |  1- 3 |  4- 6 |  7- 9 | 10-12 | 13-15 || total
---------------------------+-------+-------+-------+-------+-------++-------
  Melee: Short sword       |       |    25 |   181 |   119 |       ||   325
         Punch             |       |       |    23 |    10 |       ||    33
         Orcbow            |       |       |       |     2 |       ||     2
         Flail             |       |       |       |     2 |       ||     2
   Fire: Shortbow          |   138 |   143 |   110 |       |       ||   391
         Orcbow            |       |       |    79 |   663 |   385 ||  1127
  Throw: Dart              |       |       |    30 |    24 |     5 ||    59
         Throwing net      |       |       |     2 |     4 |       ||     6
   Cast: Blink             |       |       |       |     2 |       ||     2
         Olgreb's Toxic Ra |       |       |       |       |     4 ||     4
  Evoke: Wand              |       |       |    14 |    20 |     3 ||    37
         Tin of tremorston |       |       |       |     1 |     1 ||     2
    Use: Potion            |       |     1 |     2 |     1 |     6 ||    10
         Scroll            |       |     5 |     3 |    10 |     4 ||    22
   Stab: Sleeping          |       |       |     1 |       |       ||     1
         Held in net/web   |       |       |     1 |     3 |       ||     4
 Armour: Leather armour    |    23 |    55 |   160 |   209 |   184 ||   631
         Skin              |       |       |       |     1 |       ||     1
  Dodge: Dodged            |    20 |    53 |   192 |   471 |   261 ||   997

Table legend: (Time is in decaauts)
 A = Elapsed time spent in this place.
 B = Non-inter-level travel time spent in this place.
 C = Inter-level travel time spent in this place.
 D = Time resting spent in this place.
 E = Time spent auto-exploring this place.
 F = Levels seen in this place.
 G = Mean time per level.
                   A        B        C        D        E       F      G
               +--------+--------+--------+--------+--------+-----+--------+
         Total |  22440 |  20472 |   1968 |   2292 |  12204 |  18 | 1246.7 |
       Dungeon |  15457 |  14004 |   1453 |   1691 |   7982 |  12 | 1288.1 |
          Lair |   6962 |   6448 |    514 |    601 |   4222 |   5 | 1392.4 |
        Bailey |     21 |     21 |      0 |      0 |      0 |   1 |   21.0 |
               +--------+--------+--------+--------+--------+-----+--------+

Top non-repeatable levels by time:
  Lair:5: 2604 daAuts
     D:6: 2240 daAuts
     D:8: 2131 daAuts
    D:11: 1816 daAuts
     D:5: 1756 daAuts
     D:9: 1476 daAuts
     D:7: 1299 daAuts
  Lair:1: 1298 daAuts
  Lair:3: 1288 daAuts
    D:10: 1189 daAuts
     D:4: 1093 daAuts
  Lair:4: 907 daAuts
  Lair:2: 862 daAuts
     D:2: 821 daAuts
     D:3: 699 daAuts
